[ AOE2 MATCH · #493799109 ]
UnrankedSaracens vs Byzantines
[ REPLAY ANALYSIS · EXTRACTED FROM THE RECORDED GAME ]
Feudal
9:22
Castle
23:46
Imperial
47:02
| APM avg | 55.9 |
| APM peak | 156 |
| eAPM avg | 33.5 |
| Villagers / military | 105 / 167 |
Focus
⚔️ 79.4% · 🌾 20.6%
Camel Scout ×140 · Scout Cavalry ×24 · Knight ×2 · Spearman ×1
Feudal
10:55
Castle
14:28
Imperial
31:29
| APM avg | 52.6 |
| APM peak | 99 |
| eAPM avg | 29.9 |
| Villagers / military | 153 / 193 |
Focus
⚔️ 32.8% · 🌾 67.2%
Knight ×80 · Skirmisher ×62 · Scout Cavalry ×21 · Monk ×16 · Scorpion ×5 · Trebuchet (Packed) ×5
Feudal
9:55
Castle
21:13
Imperial
33:40
| APM avg | 21.6 |
| APM peak | 50 |
| eAPM avg | 14.0 |
| Villagers / military | 114 / 329 |
Focus
⚔️ 33.7% · 🌾 66.3%
Skirmisher ×203 · Spearman ×118 · Archer ×5 · Trebuchet (Packed) ×3
Feudal
9:02
Castle
23:05
Imperial
43:21
| APM avg | 52.3 |
| APM peak | 93 |
| eAPM avg | 26.9 |
| Villagers / military | 92 / 226 |
Focus
⚔️ 57.5% · 🌾 42.5%
Archer ×186 · Spearman ×14 · Skirmisher ×11 · Shotel Warrior ×6 · Trebuchet (Packed) ×5 · Mangonel ×2
Feudal
10:09
Castle
13:44
Imperial
36:37
| APM avg | 53.1 |
| APM peak | 123 |
| eAPM avg | 22.3 |
| Villagers / military | 154 / 222 |
Focus
⚔️ 31.8% · 🌾 68.2%
Scout Cavalry ×119 · Mameluke ×102 · Monk ×1
Feudal
9:20
Castle
23:08
Imperial
—
| APM avg | 28.8 |
| APM peak | 74 |
| eAPM avg | 13.4 |
| Villagers / military | 74 / 52 |
Focus
⚔️ 29.9% · 🌾 70.1%
Archer ×52
Feudal
11:05
Castle
15:46
Imperial
36:54
| APM avg | 39.2 |
| APM peak | 77 |
| eAPM avg | 14.3 |
| Villagers / military | 139 / 308 |
Focus
⚔️ 26.7% · 🌾 73.3%
Cavalry Archer ×201 · Scout Cavalry ×105 · Monk ×2
Feudal
8:37
Castle
19:57
Imperial
47:55
| APM avg | 69.0 |
| APM peak | 117 |
| eAPM avg | 24.5 |
| Villagers / military | 192 / 120 |
Focus
⚔️ 26.4% · 🌾 73.6%
Knight ×107 · Scout Cavalry ×11 · Spearman ×2
Match map
Initial resources + every placement click. Lines = walls · curves = elevation contours. ◆ gold · ⬟ stone · ● berries · ✦ relic · ◌ wall gap
Your base· ✓ Closed at 23:46 · 0t walls · 3 gate(s)
RaZeeeeK's base· ✓ Closed at 14:28 · 0t walls · 3 gate(s)
JoyZam's base· ✓ Closed at 21:13 · 28t walls · 3 gate(s)
El Wicho's base· ✓ Closed at 23:05 · 0t walls · 2 gate(s)
EXILE | Alebrije's base· ✓ Closed at 13:44 · 0t walls · 2 gate(s)
EXILE | milval's base· ✓ Closed at 23:08 · 0t walls · 2 gate(s)
petarded's base· ✓ Closed at 15:46 · 0t walls · 2 gate(s)
EXILE | TurtleS3's base· ✓ Closed at 19:57 · 1t walls · 3 gate(s)
Smoothed initial terrain · ◌ = detected wall gap · hover for details
Inputs per minute
— Dadagama - - RaZeeeeK
Build order — Dadagama
First 150 of 281 actions detected
| 0:01 | Create | Villager (Male) |
| 0:01 | Create | Villager (Male) |
| 0:02 | Build | House |
| 0:04 | Build | House |
| 0:20 | Create | Villager (Male) |
| 0:21 | Create | Villager (Male) |
| 1:25 | Create | Villager (Male) |
| 1:25 | Create | Villager (Male) |
| 1:25 | Create | Villager (Male) |
| 2:04 | Create | Villager (Male) |
| 2:04 | Create | Villager (Male) |
| 2:05 | Create | Villager (Male) |
| 2:15 | Build | Lumber Camp |
| 2:35 | Create | Villager (Male) |
| 2:36 | Create | Villager (Male) |
| 2:36 | Create | Villager (Male) |
| 2:36 | Create | Villager (Male) |
| 3:33 | Build | House |
| 3:34 | Build | House |
| 3:39 | Create | Villager (Male) |
| 3:39 | Create | Villager (Male) |
| 3:39 | Create | Villager (Male) |
| 4:17 | Create | Villager (Male) |
| 4:25 | Create | Villager (Male) |
| 4:25 | Create | Villager (Male) |
| 4:46 | Create | Villager (Male) |
| 4:50 | Build | Mill |
| 5:43 | Create | Villager (Male) |
| 5:43 | Create | Villager (Male) |
| 5:44 | Create | Villager (Male) |
| 6:55 | Research | Feudal Age |
| 7:36 | Build | Barracks |
| 7:42 | Build | House |
| 7:45 | Create | Villager (Male) |
| 7:45 | Create | Villager (Male) |
| 8:08 | Create | Villager (Male) |
| 8:08 | Create | Villager (Male) |
| 9:22 | Age | Feudal Age |
| 9:23 | Build | Stable |
| 9:25 | Research | Double-Bit Axe |
| 9:52 | Build | Blacksmith |
| 10:05 | Create | Scout Cavalry ×3 |
| 10:17 | Create | Spearman |
| 10:37 | Build | House |
| 10:47 | Create | Villager (Male) |
| 10:52 | Build | Farm |
| 10:54 | Build | Farm |
| 11:14 | Create | Scout Cavalry |
| 11:18 | Build | House |
| 11:48 | Create | Villager (Male) |
| 11:48 | Create | Villager (Male) |
| 11:51 | Create | Scout Cavalry |
| 11:51 | Create | Scout Cavalry |
| 12:35 | Create | Scout Cavalry |
| 12:36 | Create | Scout Cavalry |
| 12:36 | Create | Scout Cavalry |
| 12:59 | Build | Stable |
| 13:07 | Build | Farm |
| 13:07 | Build | Farm |
| 13:07 | Build | Farm |
| 13:08 | Build | Farm |
| 13:08 | Build | Farm |
| 13:08 | Build | Farm |
| 13:08 | Build | Farm |
| 13:09 | Build | Farm |
| 13:09 | Build | Farm |
| 13:09 | Build | Farm |
| 13:09 | Build | Farm |
| 13:11 | Create | Villager (Male) |
| 13:12 | Create | Villager (Male) |
| 13:33 | Create | Scout Cavalry |
| 13:39 | Build | Farm |
| 13:39 | Build | Farm |
| 13:40 | Build | Farm |
| 14:00 | Create | Scout Cavalry |
| 14:01 | Create | Scout Cavalry |
| 14:04 | Build | Farm |
| 14:06 | Build | Farm |
| 14:16 | Build | Farm |
| 14:16 | Create | Villager (Male) |
| 14:37 | Build | House |
| 14:41 | Create | Scout Cavalry |
| 14:42 | Create | Scout Cavalry |
| 14:47 | Build | Farm |
| 14:51 | Build | Farm |
| 14:55 | Create | Villager (Male) |
| 15:00 | Build | House |
| 15:02 | Create | Villager (Male) |
| 15:08 | Build | Farm |
| 15:13 | Create | Scout Cavalry |
| 15:14 | Create | Scout Cavalry |
| 15:42 | Create | Scout Cavalry |
| 16:22 | Research | Scale Barding Armor |
| 16:23 | Create | Villager (Male) |
| 16:23 | Create | Villager (Male) |
| 16:26 | Build | House |
| 16:37 | Create | Scout Cavalry |
| 16:37 | Create | Scout Cavalry |
| 16:44 | Build | Farm |
| 16:44 | Build | Farm |
| 16:45 | Build | Farm |
| 16:45 | Build | Farm |
| 16:45 | Build | Farm |
| 16:45 | Build | Farm |
| 16:47 | Create | Villager (Male) |
| 16:47 | Create | Villager (Male) |
| 16:54 | Build | Farm |
| 16:54 | Build | Farm |
| 16:59 | Create | Villager (Male) |
| 17:03 | Build | House |
| 17:17 | Create | Scout Cavalry |
| 18:12 | Create | Scout Cavalry |
| 18:13 | Create | Scout Cavalry |
| 18:43 | Create | Villager (Male) |
| 18:43 | Create | Villager (Male) |
| 18:46 | Build | House |
| 18:49 | Build | Mining Camp |
| 18:51 | Create | Villager (Male) |
| 18:57 | Build | Farm |
| 18:57 | Build | Farm |
| 18:57 | Build | Farm |
| 18:57 | Build | Farm |
| 19:04 | Create | Scout Cavalry |
| 19:04 | Create | Scout Cavalry |
| 19:41 | Create | Villager (Male) |
| 19:55 | Build | Market |
| 19:58 | Build | Gate |
| 20:15 | Create | Villager (Male) |
| 21:06 | Research | Castle Age |
| 21:50 | Build | Stable |
| 21:55 | Research | Bloodlines |
| 21:56 | Research | Forging |
| 21:57 | Create | Villager (Male) ×4 |
| 22:05 | Research | Horse Collar |
| 22:05 | Research | Horse Collar |
| 23:09 | Build | House |
| 23:37 | Build | House |
| 23:46 | Age | Castle Age |
| 23:48 | Create | Camel Scout ×5 |
| 23:54 | Research | Husbandry |
| 24:09 | Build | House |
| 24:10 | Build | House |
| 24:23 | Create | Camel Scout ×2 |
| 24:26 | Create | Villager (Male) ×5 |
| 24:42 | Create | Camel Scout |
| 24:48 | Research | Gold Mining |
| 24:53 | Create | Camel Scout |
| 24:53 | Create | Camel Scout |
| 25:45 | Create | Camel Scout ×3 |
| 26:06 | Create | Knight |
Build order — RaZeeeeK
First 150 of 625 actions detected
| 0:00 | Create | Villager (Male) |
| 0:01 | Build | House |
| 0:02 | Build | House |
| 0:05 | Create | Villager (Male) |
| 0:13 | Create | Villager (Male) |
| 0:13 | Create | Villager (Male) |
| 1:20 | Create | Villager (Male) |
| 1:59 | Create | Villager (Male) |
| 2:17 | Create | Villager (Male) |
| 2:47 | Create | Villager (Male) |
| 2:55 | Create | Villager (Male) |
| 3:25 | Create | Villager (Male) |
| 3:36 | Create | Villager (Male) |
| 3:50 | Build | House |
| 3:52 | Build | House |
| 4:22 | Build | House |
| 4:34 | Create | Villager (Male) |
| 4:59 | Create | Villager (Male) |
| 5:17 | Create | Villager (Male) |
| 5:19 | Create | Villager (Male) |
| 5:19 | Create | Villager (Male) |
| 5:30 | Build | Mill |
| 5:59 | Create | Villager (Male) |
| 6:13 | Create | Villager (Male) |
| 6:33 | Create | Villager (Male) |
| 7:23 | Create | Villager (Male) |
| 7:35 | Create | Villager (Male) |
| 8:33 | Build | Mule Cart |
| 8:45 | Research | Feudal Age |
| 9:22 | Build | Farm |
| 9:23 | Build | Farm |
| 9:25 | Build | Farm |
| 9:34 | Build | Farm |
| 9:36 | Build | Farm |
| 10:16 | Build | House |
| 10:19 | Build | House |
| 10:28 | Create | Villager (Male) |
| 10:51 | Create | Villager (Male) |
| 10:55 | Age | Feudal Age |
| 10:57 | Build | Market |
| 10:58 | Build | Blacksmith |
| 11:05 | Create | Villager (Male) |
| 11:47 | Research | Double-Bit Axe |
| 11:48 | Research | Castle Age |
| 12:30 | Create | Villager (Male) |
| 12:53 | Build | Mule Cart |
| 13:23 | Create | Villager (Male) |
| 13:43 | Create | Villager (Male) |
| 14:04 | Build | House |
| 14:07 | Build | Barracks |
| 14:10 | Research | Scale Mail Armor |
| 14:22 | Build | Barracks |
| 14:28 | Build | Barracks |
| 14:28 | Age | Castle Age |
| 14:30 | Build | Monastery |
| 14:36 | Build | Monastery |
| 14:42 | Build | Barracks |
| 14:43 | Research | Loom |
| 14:46 | Research | Bow Saw |
| 14:50 | Build | Town Center |
| 14:53 | Build | Town Center |
| 14:55 | Create | Villager (Male) |
| 15:07 | Create | Villager (Male) |
| 15:22 | Create | Villager (Male) |
| 15:23 | Create | Monk |
| 15:25 | Build | House |
| 15:30 | Build | House |
| 15:37 | Create | Villager (Male) |
| 15:42 | Build | House |
| 15:46 | Create | Spearman |
| 15:50 | Create | Monk |
| 16:00 | Build | Farm |
| 16:04 | Create | Villager (Male) |
| 16:17 | Build | Farm |
| 16:17 | Build | Farm |
| 16:17 | Build | Farm |
| 16:17 | Build | Farm |
| 16:17 | Build | Farm |
| 16:36 | Create | Villager (Male) |
| 16:37 | Create | Villager (Male) |
| 16:39 | Build | Farm |
| 16:40 | Build | Farm |
| 16:40 | Build | Farm |
| 16:40 | Build | Farm |
| 16:41 | Build | Farm |
| 17:00 | Create | Villager (Male) |
| 17:04 | Build | Farm |
| 17:04 | Build | Farm |
| 17:04 | Build | Farm |
| 17:05 | Build | Farm |
| 17:23 | Create | Villager (Male) |
| 17:23 | Create | Villager (Male) |
| 17:35 | Build | Farm |
| 17:36 | Build | Farm |
| 17:36 | Build | Farm |
| 17:36 | Build | Farm |
| 17:36 | Build | Farm |
| 17:37 | Build | Farm |
| 17:37 | Build | Farm |
| 17:43 | Create | Villager (Male) |
| 17:52 | Create | Villager (Male) |
| 17:52 | Create | Villager (Male) |
| 17:55 | Build | Farm |
| 17:55 | Build | Farm |
| 17:56 | Build | Farm |
| 17:56 | Build | Farm |
| 18:10 | Create | Villager (Male) |
| 18:19 | Research | Loom |
| 18:20 | Create | Villager (Male) |
| 18:29 | Build | Farm |
| 18:29 | Build | Farm |
| 18:29 | Build | Farm |
| 18:29 | Build | Farm |
| 18:30 | Build | Farm |
| 18:43 | Create | Villager (Male) |
| 18:49 | Create | Villager (Male) |
| 18:49 | Create | Villager (Male) |
| 19:14 | Build | House |
| 19:14 | Create | Villager (Male) |
| 19:15 | Create | Villager (Male) |
| 19:15 | Create | Villager (Male) |
| 19:16 | Build | Farm |
| 19:16 | Build | Farm |
| 19:16 | Build | Farm |
| 19:17 | Build | Farm |
| 19:22 | Create | Monk |
| 19:31 | Create | Villager (Male) |
| 19:38 | Build | Farm |
| 19:38 | Build | Farm |
| 19:38 | Build | Farm |
| 19:39 | Build | Farm |
| 19:48 | Create | Villager (Male) |
| 19:51 | Build | House |
| 19:51 | Build | House |
| 20:01 | Create | Villager (Male) |
| 20:22 | Create | Villager (Male) |
| 20:22 | Create | Villager (Male) |
| 20:23 | Create | Monk |
| 20:23 | Create | Villager (Male) |
| 20:28 | Build | Farm |
| 20:29 | Build | Farm |
| 20:29 | Build | Farm |
| 20:29 | Build | Farm |
| 20:29 | Build | Farm |
| 20:29 | Build | Farm |
| 20:31 | Create | Villager (Male) |
| 20:34 | Create | Villager (Male) |
| 20:37 | Create | Villager (Male) |
| 20:43 | Build | House |
| 20:43 | Build | House |
Build order — JoyZam
First 150 of 371 actions detected
| 0:07 | Create | Villager (Male) |
| 0:08 | Create | Villager (Male) |
| 0:08 | Create | Villager (Male) |
| 0:08 | Create | Villager (Male) |
| 0:12 | Build | House |
| 0:14 | Build | House |
| 1:44 | Create | Villager (Male) |
| 1:59 | Build | Lumber Camp |
| 2:09 | Create | Villager (Male) |
| 2:27 | Create | Villager (Male) |
| 3:04 | Create | Villager (Male) |
| 3:28 | Create | Villager (Male) |
| 4:00 | Create | Villager (Male) |
| 4:05 | Build | House |
| 4:07 | Build | House |
| 4:13 | Create | Villager (Male) |
| 4:29 | Build | Mill |
| 4:47 | Create | Villager (Male) |
| 5:05 | Create | Villager (Male) |
| 5:32 | Create | Villager (Male) |
| 6:01 | Create | Villager (Male) |
| 6:07 | Create | Villager (Male) |
| 6:45 | Create | Villager (Male) |
| 6:45 | Research | Loom |
| 7:32 | Research | Feudal Age |
| 7:57 | Build | Mining Camp |
| 8:26 | Build | Barracks |
| 8:35 | Build | House |
| 9:55 | Age | Feudal Age |
| 10:00 | Research | Double-Bit Axe |
| 10:07 | Build | Archery Range |
| 10:23 | Build | Stone Wall |
| 10:25 | Create | Villager (Male) |
| 10:31 | Create | Villager (Male) |
| 10:34 | Build | House |
| 10:35 | Build | House |
| 11:01 | Build | Blacksmith |
| 11:06 | Create | Villager (Male) |
| 11:09 | Build | Farm |
| 11:28 | Build | Farm |
| 11:30 | Research | Horse Collar |
| 11:32 | Create | Villager (Male) |
| 11:42 | Create | Villager (Male) |
| 11:44 | Build | Farm |
| 12:00 | Build | Gate |
| 12:09 | Build | Stone Wall |
| 12:15 | Create | Villager (Male) |
| 12:19 | Build | Farm |
| 12:27 | Create | Villager (Male) |
| 12:34 | Build | Farm |
| 12:58 | Build | Farm |
| 13:01 | Create | Villager (Male) |
| 13:16 | Create | Villager (Male) |
| 13:23 | Build | Farm |
| 13:50 | Build | Farm |
| 13:54 | Build | Farm |
| 13:59 | Build | Farm |
| 14:02 | Create | Villager (Male) |
| 14:15 | Create | Villager (Male) |
| 14:19 | Build | Farm |
| 14:45 | Build | Farm |
| 15:00 | Build | Farm |
| 15:01 | Create | Villager (Male) |
| 15:04 | Build | Farm |
| 15:18 | Build | Farm |
| 15:21 | Create | Villager (Male) |
| 15:33 | Build | House |
| 15:38 | Create | Villager (Male) |
| 15:40 | Build | Farm |
| 15:42 | Create | Villager (Male) |
| 15:47 | Create | Villager (Male) |
| 15:49 | Research | Wheelbarrow |
| 16:19 | Build | Mining Camp |
| 17:05 | Build | Stone Wall |
| 17:16 | Build | Farm |
| 17:42 | Create | Spearman |
| 17:45 | Create | Spearman |
| 18:00 | Build | Market |
| 18:04 | Create | Villager (Male) |
| 18:04 | Create | Villager (Male) |
| 18:08 | Create | Spearman |
| 18:09 | Create | Spearman |
| 18:32 | Research | Castle Age |
| 19:08 | Create | Villager (Male) |
| 19:13 | Build | Lumber Camp |
| 19:33 | Create | Spearman |
| 19:36 | Research | Scale Mail Armor |
| 19:36 | Research | Forging |
| 19:47 | Create | Villager (Male) |
| 19:52 | Build | House |
| 20:11 | Build | Archery Range |
| 20:12 | Create | Skirmisher |
| 20:13 | Create | Skirmisher |
| 20:15 | Research | Padded Archer Armor |
| 20:15 | Research | Fletching |
| 20:33 | Create | Skirmisher ×5 |
| 21:01 | Research | Gold Mining |
| 21:06 | Research | Stone Mining |
| 21:13 | Age | Castle Age |
| 21:18 | Create | Skirmisher |
| 21:18 | Create | Skirmisher |
| 21:43 | Research | Elite Skirmisher (upgrade) |
| 21:45 | Research | Bodkin Arrow |
| 21:48 | Create | Skirmisher ×3 |
| 21:50 | Create | Villager (Male) |
| 22:11 | Build | House |
| 22:18 | Build | House |
| 22:19 | Build | House |
| 22:21 | Build | House |
| 22:31 | Build | House |
| 22:32 | Build | House |
| 22:54 | Research | Leather Archer Armor |
| 22:57 | Create | Skirmisher ×5 |
| 23:04 | Create | Villager (Male) |
| 23:13 | Create | Villager (Male) |
| 23:19 | Create | Villager (Male) |
| 23:32 | Build | University |
| 23:39 | Create | Villager (Male) |
| 23:41 | Create | Skirmisher ×4 |
| 23:43 | Create | Villager (Male) |
| 24:06 | Create | Villager (Male) |
| 24:14 | Research | Bow Saw |
| 24:29 | Create | Villager (Male) |
| 24:38 | Build | House |
| 24:59 | Research | Ballistics |
| 25:07 | Create | Skirmisher ×4 |
| 25:41 | Create | Skirmisher ×5 |
| 26:11 | Create | Villager (Male) |
| 26:18 | Create | Skirmisher |
| 26:19 | Create | Skirmisher |
| 26:21 | Create | Villager (Male) |
| 26:21 | Create | Villager (Male) |
| 26:26 | Build | Farm |
| 26:30 | Build | House |
| 26:31 | Build | House |
| 26:32 | Build | House |
| 27:02 | Create | Villager (Male) |
| 27:14 | Build | Castle |
| 27:23 | Create | Skirmisher ×5 |
| 27:24 | Create | Villager (Male) |
| 27:24 | Create | Villager (Male) |
| 27:29 | Build | House |
| 27:30 | Build | House |
| 27:35 | Build | Town Center |
| 27:41 | Build | Lumber Camp |
| 28:03 | Create | Skirmisher ×5 |
| 28:44 | Create | Skirmisher ×5 |
| 28:45 | Create | Villager (Male) |
| 29:08 | Create | Villager (Male) |
| 29:12 | Build | Farm |
Build order — El Wicho
First 150 of 459 actions detected
| 0:01 | Create | Villager (Male) |
| 0:01 | Create | Villager (Male) |
| 0:03 | Build | House |
| 0:05 | Build | House |
| 0:40 | Create | Villager (Male) |
| 0:41 | Create | Villager (Male) |
| 0:41 | Create | Villager (Male) |
| 1:41 | Build | Lumber Camp |
| 1:47 | Create | Villager (Male) |
| 1:47 | Create | Villager (Male) |
| 1:48 | Create | Villager (Male) |
| 2:18 | Create | Villager (Male) |
| 2:18 | Create | Villager (Male) |
| 2:42 | Create | Villager (Male) |
| 2:42 | Create | Villager (Male) |
| 3:25 | Build | House |
| 3:28 | Create | Villager (Male) |
| 3:29 | Create | Villager (Male) |
| 3:29 | Create | Villager (Male) |
| 3:41 | Create | Villager (Male) |
| 3:41 | Create | Villager (Male) |
| 3:41 | Create | Villager (Male) |
| 4:16 | Build | Mill |
| 4:18 | Create | Villager (Male) |
| 4:31 | Create | Villager (Male) |
| 4:31 | Create | Villager (Male) |
| 5:57 | Create | Villager (Male) |
| 6:01 | Research | Loom |
| 6:52 | Research | Feudal Age |
| 7:41 | Build | Barracks |
| 8:32 | Build | House |
| 8:42 | Build | Mining Camp |
| 8:47 | Create | Villager (Male) |
| 9:02 | Age | Feudal Age |
| 9:04 | Build | Archery Range |
| 9:12 | Build | Archery Range |
| 9:14 | Create | Villager (Male) |
| 9:21 | Create | Villager (Male) |
| 9:24 | Research | Double-Bit Axe |
| 9:25 | Research | Double-Bit Axe |
| 10:03 | Build | House |
| 10:12 | Create | Villager (Male) |
| 10:26 | Build | Blacksmith |
| 10:27 | Create | Archer |
| 10:28 | Create | Archer |
| 10:39 | Create | Villager (Male) |
| 10:39 | Create | Villager (Male) |
| 10:40 | Create | Archer |
| 10:41 | Create | Archer |
| 11:01 | Create | Archer |
| 11:02 | Create | Archer |
| 11:18 | Create | Villager (Male) |
| 11:44 | Create | Archer |
| 11:45 | Create | Villager (Male) |
| 11:52 | Build | House |
| 12:00 | Research | Fletching |
| 12:01 | Research | Fletching |
| 13:02 | Create | Archer |
| 13:02 | Create | Archer |
| 13:03 | Create | Villager (Male) |
| 13:09 | Create | Skirmisher |
| 13:09 | Create | Skirmisher |
| 13:09 | Create | Skirmisher |
| 13:21 | Create | Skirmisher |
| 13:21 | Create | Skirmisher |
| 13:41 | Create | Villager (Male) |
| 13:55 | Create | Archer |
| 13:56 | Create | Skirmisher |
| 14:07 | Create | Archer |
| 14:19 | Create | Skirmisher |
| 14:20 | Create | Villager (Male) |
| 14:24 | Build | Farm |
| 14:25 | Build | Farm |
| 14:33 | Research | Horse Collar |
| 14:33 | Research | Horse Collar |
| 14:35 | Create | Archer |
| 14:35 | Create | Archer |
| 15:01 | Build | House |
| 15:02 | Build | House |
| 15:03 | Build | House |
| 15:12 | Research | Padded Archer Armor |
| 15:12 | Research | Padded Archer Armor |
| 15:38 | Create | Archer |
| 15:39 | Create | Archer |
| 16:10 | Create | Archer |
| 16:10 | Create | Archer |
| 16:11 | Create | Villager (Male) |
| 16:11 | Create | Villager (Male) |
| 16:16 | Build | Farm |
| 16:16 | Build | Farm |
| 16:16 | Build | Farm |
| 16:16 | Build | Farm |
| 16:17 | Create | Archer |
| 16:18 | Create | Archer |
| 16:36 | Create | Villager (Male) |
| 16:45 | Build | Farm |
| 16:45 | Build | Farm |
| 16:46 | Build | Farm |
| 16:48 | Create | Villager (Male) |
| 16:49 | Create | Archer |
| 16:49 | Create | Archer |
| 17:07 | Build | Farm |
| 17:14 | Create | Archer |
| 17:14 | Create | Archer |
| 17:17 | Create | Villager (Male) |
| 17:24 | Build | Lumber Camp |
| 17:29 | Build | Market |
| 18:24 | Create | Villager (Male) |
| 18:27 | Create | Villager (Male) |
| 18:28 | Create | Archer |
| 18:28 | Create | Archer |
| 18:28 | Create | Archer |
| 18:28 | Create | Archer |
| 18:48 | Build | House |
| 18:49 | Build | House |
| 18:49 | Build | House |
| 18:50 | Build | House |
| 18:50 | Build | House |
| 19:20 | Create | Archer |
| 19:28 | Create | Archer |
| 19:37 | Build | Farm |
| 19:44 | Create | Archer |
| 19:45 | Create | Villager (Male) |
| 20:25 | Research | Castle Age |
| 20:25 | Research | Castle Age |
| 22:03 | Create | Archer |
| 22:03 | Create | Archer |
| 22:10 | Create | Archer |
| 22:10 | Create | Archer |
| 22:11 | Create | Villager (Male) |
| 22:22 | Build | Mining Camp |
| 22:30 | Create | Spearman |
| 22:32 | Create | Spearman |
| 22:34 | Research | Scale Mail Armor |
| 22:38 | Create | Archer |
| 23:01 | Create | Spearman |
| 23:05 | Age | Castle Age |
| 23:08 | Research | Bodkin Arrow |
| 23:11 | Research | Crossbowman (upgrade) |
| 23:14 | Create | Spearman |
| 23:22 | Create | Archer |
| 23:22 | Create | Archer |
| 23:22 | Create | Archer |
| 23:23 | Create | Villager (Male) |
| 23:35 | Create | Archer |
| 24:01 | Create | Archer |
| 24:02 | Create | Archer |
| 24:02 | Create | Archer |
| 24:03 | Create | Villager (Male) |
| 24:03 | Create | Villager (Male) |
Build order — EXILE | Alebrije
First 150 of 479 actions detected
| 0:01 | Create | Villager (Male) |
| 0:01 | Create | Villager (Male) |
| 0:01 | Create | Villager (Male) |
| 0:04 | Build | House |
| 0:06 | Build | House |
| 0:25 | Create | Villager (Male) |
| 0:25 | Create | Villager (Male) |
| 1:30 | Create | Villager (Male) |
| 1:30 | Create | Villager (Male) |
| 1:30 | Create | Villager (Male) |
| 1:54 | Create | Villager (Male) |
| 1:54 | Create | Villager (Male) |
| 1:54 | Create | Villager (Male) |
| 2:15 | Create | Villager (Male) |
| 2:24 | Build | Lumber Camp |
| 2:42 | Create | Villager (Male) |
| 2:43 | Create | Villager (Male) |
| 3:02 | Create | Villager (Male) |
| 3:02 | Create | Villager (Male) |
| 3:02 | Create | Villager (Male) |
| 3:33 | Create | Villager (Male) |
| 3:33 | Create | Villager (Male) |
| 3:33 | Create | Villager (Male) |
| 3:49 | Build | House |
| 3:50 | Build | House |
| 4:35 | Create | Villager (Male) |
| 4:52 | Create | Villager (Male) |
| 4:52 | Create | Villager (Male) |
| 4:59 | Build | Mill |
| 5:40 | Create | Villager (Male) |
| 6:04 | Create | Villager (Male) |
| 6:27 | Create | Villager (Male) |
| 6:31 | Create | Villager (Male) |
| 6:49 | Build | Mining Camp |
| 7:09 | Build | Farm |
| 7:23 | Create | Villager (Male) |
| 7:53 | Create | Villager (Male) |
| 7:59 | Research | Feudal Age |
| 8:17 | Build | Farm |
| 9:03 | Create | Villager (Male) |
| 9:04 | Research | Loom |
| 10:09 | Age | Feudal Age |
| 10:10 | Build | Market |
| 10:12 | Build | Blacksmith |
| 10:21 | Build | House |
| 11:04 | Research | Castle Age |
| 11:36 | Research | Double-Bit Axe |
| 12:10 | Research | Horse Collar |
| 13:11 | Create | Villager (Male) |
| 13:44 | Age | Castle Age |
| 13:47 | Research | Bow Saw |
| 13:47 | Research | Bow Saw |
| 13:47 | Research | Bow Saw |
| 13:52 | Build | Farm |
| 13:54 | Build | Farm |
| 13:56 | Build | Farm |
| 13:58 | Build | Farm |
| 13:59 | Create | Villager (Male) |
| 14:26 | Create | Villager (Male) |
| 14:38 | Build | Castle |
| 14:40 | Create | Villager (Male) |
| 14:43 | Build | House |
| 14:44 | Build | House |
| 14:55 | Build | Farm |
| 15:10 | Create | Villager (Male) |
| 15:44 | Create | Villager (Male) |
| 15:48 | Build | Farm |
| 15:50 | Create | Villager (Male) |
| 16:07 | Build | Farm |
| 16:08 | Build | Farm |
| 16:09 | Build | Farm |
| 16:20 | Create | Villager (Male) |
| 16:28 | Build | Town Center |
| 16:41 | Build | Farm |
| 16:55 | Create | Mameluke |
| 17:01 | Create | Villager (Male) |
| 17:15 | Create | Villager (Male) |
| 17:24 | Create | Mameluke |
| 17:32 | Create | Villager (Male) |
| 18:01 | Create | Villager (Male) |
| 18:01 | Create | Villager (Male) |
| 18:04 | Create | Mameluke |
| 18:04 | Create | Mameluke |
| 18:14 | Create | Villager (Male) |
| 18:43 | Create | Mameluke |
| 18:43 | Create | Mameluke |
| 18:45 | Build | Farm |
| 18:46 | Build | Farm |
| 18:49 | Build | Farm |
| 18:50 | Create | Villager (Male) |
| 18:50 | Create | Villager (Male) |
| 19:02 | Build | Monastery |
| 19:06 | Create | Villager (Male) |
| 19:07 | Create | Villager (Male) |
| 19:21 | Create | Mameluke |
| 19:31 | Create | Villager (Male) |
| 19:31 | Create | Villager (Male) |
| 19:31 | Create | Villager (Male) |
| 19:31 | Create | Villager (Male) |
| 19:43 | Create | Villager (Male) |
| 19:43 | Create | Villager (Male) |
| 19:47 | Build | Farm |
| 19:49 | Create | Mameluke |
| 20:02 | Create | Villager (Male) |
| 20:06 | Build | Farm |
| 20:06 | Build | Farm |
| 20:10 | Build | Farm |
| 20:25 | Create | Mameluke |
| 20:26 | Create | Villager (Male) |
| 20:26 | Create | Villager (Male) |
| 20:39 | Create | Villager (Male) |
| 20:45 | Build | Farm |
| 20:46 | Create | Villager (Male) |
| 20:47 | Create | Villager (Male) |
| 20:47 | Create | Villager (Male) |
| 20:51 | Build | Barracks |
| 20:55 | Build | Farm |
| 20:56 | Build | Farm |
| 20:57 | Create | Monk |
| 21:13 | Build | Farm |
| 21:14 | Create | Villager (Male) |
| 21:14 | Create | Villager (Male) |
| 21:14 | Create | Villager (Male) |
| 21:14 | Create | Villager (Male) |
| 21:19 | Build | House |
| 21:20 | Build | House |
| 21:21 | Build | House |
| 21:26 | Build | Farm |
| 21:27 | Create | Villager (Male) |
| 21:27 | Create | Villager (Male) |
| 21:37 | Create | Villager (Male) |
| 21:37 | Create | Villager (Male) |
| 21:41 | Build | Stable |
| 21:46 | Create | Mameluke |
| 21:47 | Create | Mameluke |
| 21:55 | Build | Farm |
| 22:03 | Create | Mameluke |
| 22:03 | Create | Mameluke |
| 22:13 | Research | Scale Barding Armor |
| 22:23 | Create | Villager (Male) |
| 22:23 | Create | Villager (Male) |
| 22:23 | Create | Villager (Male) |
| 22:26 | Build | Farm |
| 22:45 | Research | Husbandry |
| 22:49 | Create | Villager (Male) |
| 22:49 | Create | Villager (Male) |
| 22:50 | Create | Villager (Male) |
| 22:50 | Create | Villager (Male) |
| 22:58 | Create | Mameluke |
| 23:01 | Build | Farm |
Build order — EXILE | milval
First 150 of 198 actions detected
| 0:03 | Create | Villager (Male) |
| 0:03 | Create | Villager (Male) |
| 0:03 | Create | Villager (Male) |
| 0:04 | Create | Villager (Male) |
| 0:04 | Create | Villager (Male) |
| 0:04 | Create | Villager (Male) |
| 0:05 | Build | House |
| 0:08 | Build | House |
| 1:32 | Create | Villager (Male) |
| 1:32 | Create | Villager (Male) |
| 1:32 | Create | Villager (Male) |
| 2:00 | Build | Lumber Camp |
| 2:07 | Create | Villager (Male) |
| 2:07 | Create | Villager (Male) |
| 2:30 | Create | Villager (Male) |
| 2:39 | Build | House |
| 3:13 | Create | Villager (Male) |
| 3:14 | Create | Villager (Male) |
| 3:50 | Create | Villager (Male) |
| 3:50 | Create | Villager (Male) |
| 3:50 | Create | Villager (Male) |
| 3:50 | Create | Villager (Male) |
| 4:28 | Create | Villager (Male) |
| 4:28 | Create | Villager (Male) |
| 4:28 | Create | Villager (Male) |
| 5:05 | Create | Villager (Male) |
| 5:48 | Build | Mining Camp |
| 5:50 | Create | Villager (Male) |
| 5:53 | Create | Villager (Male) |
| 6:20 | Research | Loom |
| 6:52 | Research | Feudal Age |
| 7:34 | Create | Villager (Male) |
| 7:45 | Build | House |
| 7:49 | Build | Barracks |
| 8:21 | Create | Villager (Male) |
| 9:00 | Build | House |
| 9:20 | Age | Feudal Age |
| 9:22 | Build | Archery Range |
| 9:28 | Build | Archery Range |
| 9:32 | Create | Villager (Male) |
| 9:44 | Build | Blacksmith |
| 10:04 | Create | Villager (Male) |
| 10:17 | Create | Archer |
| 10:23 | Create | Archer |
| 10:23 | Create | Archer |
| 10:31 | Build | House |
| 10:33 | Create | Archer |
| 10:34 | Create | Archer |
| 10:37 | Research | Fletching |
| 10:48 | Create | Archer |
| 10:59 | Create | Archer |
| 11:00 | Create | Archer |
| 11:05 | Create | Villager (Male) |
| 11:06 | Create | Villager (Male) |
| 11:06 | Create | Villager (Male) |
| 11:06 | Create | Villager (Male) |
| 11:06 | Create | Villager (Male) |
| 11:27 | Create | Archer |
| 11:27 | Create | Archer |
| 11:47 | Create | Archer |
| 11:47 | Create | Archer |
| 12:01 | Create | Archer |
| 12:03 | Create | Villager (Male) |
| 12:37 | Create | Archer |
| 12:44 | Create | Archer |
| 12:48 | Build | Mill |
| 12:51 | Create | Villager (Male) |
| 12:56 | Build | House |
| 13:01 | Research | Padded Archer Armor |
| 13:17 | Create | Archer |
| 13:18 | Create | Archer |
| 13:19 | Create | Villager (Male) |
| 13:22 | Build | House |
| 13:42 | Create | Villager (Male) |
| 13:49 | Create | Archer |
| 13:50 | Create | Archer |
| 13:52 | Create | Archer |
| 13:52 | Create | Archer |
| 13:58 | Build | Farm |
| 14:10 | Create | Archer |
| 14:11 | Create | Archer |
| 14:24 | Create | Villager (Male) |
| 14:34 | Build | Farm |
| 14:55 | Create | Villager (Male) |
| 15:03 | Build | House |
| 15:16 | Build | House |
| 15:17 | Build | House |
| 16:12 | Create | Villager (Male) |
| 16:36 | Create | Villager (Male) |
| 16:42 | Build | House |
| 16:46 | Create | Villager (Male) |
| 17:15 | Build | Market |
| 17:21 | Build | House |
| 17:24 | Build | House |
| 17:51 | Create | Archer |
| 17:51 | Create | Archer |
| 17:52 | Create | Villager (Male) |
| 18:22 | Create | Villager (Male) |
| 18:39 | Create | Archer |
| 18:39 | Create | Archer |
| 18:39 | Create | Archer |
| 18:42 | Build | House |
| 18:56 | Create | Villager (Male) |
| 19:14 | Create | Archer |
| 19:14 | Create | Archer |
| 19:16 | Create | Villager (Male) |
| 19:41 | Build | Farm |
| 19:49 | Create | Villager (Male) |
| 19:58 | Build | Farm |
| 19:59 | Build | Farm |
| 20:14 | Build | House |
| 20:15 | Build | House |
| 20:28 | Research | Castle Age |
| 21:05 | Build | House |
| 21:17 | Create | Archer |
| 21:17 | Create | Archer |
| 21:38 | Build | Archery Range |
| 22:12 | Create | Archer |
| 22:21 | Build | House |
| 22:27 | Build | Archery Range |
| 22:32 | Create | Archer |
| 22:32 | Create | Archer |
| 22:59 | Build | House |
| 23:00 | Build | House |
| 23:07 | Build | Palisade Gate |
| 23:08 | Age | Castle Age |
| 23:35 | Research | Bodkin Arrow |
| 23:41 | Create | Villager (Male) |
| 23:41 | Create | Villager (Male) |
| 23:42 | Create | Archer |
| 23:43 | Create | Archer |
| 23:43 | Create | Archer |
| 23:43 | Create | Archer |
| 23:58 | Create | Villager (Male) |
| 24:16 | Create | Archer |
| 24:16 | Create | Archer |
| 24:17 | Create | Archer |
| 24:38 | Build | Farm |
| 24:53 | Build | House |
| 24:56 | Create | Archer |
| 24:58 | Create | Archer |
| 24:59 | Create | Archer |
| 24:59 | Create | Archer |
| 25:15 | Build | House |
| 25:16 | Build | House |
| 25:28 | Build | Farm |
| 25:30 | Create | Archer |
| 25:30 | Create | Archer |
| 25:39 | Create | Archer |
| 25:40 | Create | Archer |
Build order — petarded
First 150 of 401 actions detected
| 0:01 | Create | Villager (Male) |
| 0:01 | Create | Villager (Male) |
| 0:02 | Create | Villager (Male) |
| 0:14 | Create | Villager (Male) |
| 0:15 | Create | Villager (Male) |
| 1:31 | Create | Villager (Male) |
| 1:32 | Create | Villager (Male) |
| 1:41 | Create | Villager (Male) |
| 1:41 | Create | Villager (Male) |
| 2:20 | Create | Villager (Male) |
| 2:20 | Create | Villager (Male) |
| 2:20 | Create | Villager (Male) |
| 2:25 | Build | Lumber Camp |
| 2:59 | Create | Villager (Male) |
| 2:59 | Create | Villager (Male) |
| 3:18 | Create | Villager (Male) |
| 3:18 | Create | Villager (Male) |
| 3:18 | Create | Villager (Male) |
| 3:51 | Create | Villager (Male) |
| 3:52 | Create | Villager (Male) |
| 4:16 | Create | Villager (Male) |
| 4:16 | Create | Villager (Male) |
| 4:44 | Create | Villager (Male) |
| 4:44 | Create | Villager (Male) |
| 5:00 | Build | Mill |
| 5:13 | Create | Villager (Male) |
| 5:13 | Create | Villager (Male) |
| 5:28 | Create | Villager (Male) |
| 5:28 | Create | Villager (Male) |
| 5:29 | Create | Villager (Male) |
| 5:53 | Create | Villager (Male) |
| 5:54 | Create | Villager (Male) |
| 5:54 | Create | Villager (Male) |
| 5:54 | Create | Villager (Male) |
| 6:34 | Create | Villager (Male) |
| 6:34 | Create | Villager (Male) |
| 6:35 | Create | Villager (Male) |
| 6:48 | Build | Mining Camp |
| 7:01 | Create | Villager (Male) |
| 7:01 | Create | Villager (Male) |
| 7:35 | Create | Villager (Male) |
| 7:35 | Create | Villager (Male) |
| 8:25 | Create | Villager (Male) |
| 8:55 | Research | Feudal Age |
| 9:29 | Build | Barracks |
| 10:06 | Create | Villager (Male) |
| 10:06 | Create | Villager (Male) |
| 10:07 | Create | Villager (Male) |
| 11:05 | Age | Feudal Age |
| 11:41 | Build | Archery Range |
| 11:46 | Build | Blacksmith |
| 12:06 | Research | Double-Bit Axe |
| 12:08 | Research | Horse Collar |
| 12:23 | Research | Loom |
| 13:06 | Research | Castle Age |
| 13:06 | Research | Castle Age |
| 13:06 | Research | Castle Age |
| 13:06 | Research | Castle Age |
| 13:06 | Research | Castle Age |
| 13:40 | Research | Horse Collar |
| 13:40 | Research | Horse Collar |
| 14:00 | Build | Archery Range |
| 14:05 | Build | Farm |
| 14:05 | Build | Farm |
| 14:05 | Build | Farm |
| 14:06 | Build | Farm |
| 14:06 | Build | Farm |
| 14:06 | Build | Farm |
| 14:07 | Build | Farm |
| 14:15 | Build | Farm |
| 14:16 | Create | Villager (Male) |
| 14:19 | Build | Farm |
| 14:24 | Build | Farm |
| 14:29 | Build | Farm |
| 14:31 | Build | Farm |
| 14:52 | Build | Farm |
| 15:30 | Create | Villager (Male) |
| 15:30 | Create | Villager (Male) |
| 15:46 | Age | Castle Age |
| 15:48 | Create | Cavalry Archer ×4 |
| 15:56 | Build | Town Center |
| 16:09 | Build | Town Center |
| 16:23 | Research | Bow Saw |
| 16:31 | Research | Fletching |
| 17:02 | Create | Cavalry Archer |
| 17:02 | Create | Cavalry Archer |
| 17:18 | Create | Villager (Male) |
| 17:19 | Create | Villager (Male) |
| 17:19 | Create | Villager (Male) |
| 17:19 | Create | Villager (Male) |
| 17:19 | Create | Villager (Male) |
| 17:23 | Create | Cavalry Archer |
| 17:23 | Create | Cavalry Archer |
| 17:54 | Build | Farm |
| 17:54 | Build | Farm |
| 17:55 | Build | Farm |
| 17:55 | Build | Farm |
| 17:55 | Build | Farm |
| 17:55 | Build | Farm |
| 17:55 | Build | Farm |
| 17:56 | Build | Farm |
| 17:58 | Create | Villager (Male) |
| 17:59 | Create | Villager (Male) |
| 18:29 | Create | Villager (Male) |
| 18:29 | Create | Villager (Male) |
| 18:29 | Create | Villager (Male) |
| 18:32 | Create | Cavalry Archer ×3 |
| 18:32 | Create | Cavalry Archer ×3 |
| 18:56 | Create | Villager (Male) |
| 18:56 | Create | Villager (Male) |
| 18:56 | Create | Villager (Male) |
| 18:59 | Create | Cavalry Archer |
| 18:59 | Create | Cavalry Archer |
| 19:26 | Create | Cavalry Archer |
| 19:27 | Create | Cavalry Archer |
| 19:29 | Create | Villager (Male) |
| 19:30 | Create | Villager (Male) |
| 19:30 | Create | Villager (Male) |
| 19:30 | Create | Villager (Male) |
| 19:30 | Create | Villager (Male) |
| 20:20 | Research | Bodkin Arrow |
| 20:20 | Research | Bodkin Arrow |
| 20:31 | Create | Villager (Male) |
| 20:31 | Create | Villager (Male) |
| 20:31 | Create | Villager (Male) |
| 20:31 | Create | Villager (Male) |
| 20:32 | Create | Villager (Male) |
| 20:38 | Build | University |
| 21:00 | Build | Stable |
| 21:02 | Create | Villager (Male) |
| 21:02 | Create | Villager (Male) |
| 21:02 | Create | Villager (Male) |
| 21:03 | Create | Villager (Male) |
| 21:03 | Create | Villager (Male) |
| 21:35 | Create | Villager (Male) |
| 21:35 | Create | Villager (Male) |
| 21:35 | Create | Villager (Male) |
| 21:35 | Create | Villager (Male) |
| 21:50 | Research | Ballistics |
| 21:55 | Create | Cavalry Archer ×5 |
| 21:56 | Create | Cavalry Archer ×5 |
| 21:56 | Create | Cavalry Archer |
| 22:23 | Create | Villager (Male) |
| 22:23 | Create | Villager (Male) |
| 22:23 | Create | Villager (Male) |
| 22:24 | Create | Villager (Male) |
| 22:24 | Create | Villager (Male) |
| 23:14 | Research | Padded Archer Armor |
| 23:17 | Research | Bloodlines |
| 23:19 | Create | Villager (Male) |
Build order — EXILE | TurtleS3
First 150 of 483 actions detected
| 0:01 | Create | Villager (Male) |
| 0:01 | Create | Villager (Male) |
| 0:02 | Create | Villager (Male) |
| 0:03 | Build | House |
| 0:06 | Build | House |
| 0:09 | Create | Villager (Male) |
| 0:10 | Create | Villager (Male) |
| 1:24 | Create | Villager (Male) |
| 1:25 | Create | Villager (Male) |
| 2:12 | Create | Villager (Male) |
| 2:38 | Create | Villager (Male) |
| 3:05 | Build | House |
| 3:07 | Build | House |
| 3:08 | Create | Villager (Male) |
| 3:08 | Create | Villager (Male) |
| 3:17 | Build | Lumber Camp |
| 3:42 | Create | Villager (Male) |
| 3:42 | Create | Villager (Male) |
| 3:56 | Create | Villager (Male) |
| 4:20 | Create | Villager (Male) |
| 4:54 | Build | Mill |
| 5:03 | Create | Villager (Male) |
| 6:04 | Create | Villager (Male) |
| 6:33 | Research | Feudal Age |
| 6:33 | Research | Feudal Age |
| 7:02 | Build | Barracks |
| 7:23 | Create | Villager (Male) |
| 7:30 | Build | House |
| 8:37 | Age | Feudal Age |
| 8:40 | Build | Stable |
| 8:47 | Create | Villager (Male) |
| 8:52 | Research | Double-Bit Axe |
| 8:53 | Research | Double-Bit Axe |
| 9:00 | Create | Villager (Male) |
| 9:06 | Build | House |
| 9:10 | Build | House |
| 9:12 | Create | Villager (Male) |
| 9:19 | Build | Farm |
| 9:32 | Create | Scout Cavalry |
| 9:48 | Create | Scout Cavalry |
| 9:58 | Create | Villager (Male) |
| 10:04 | Build | Farm |
| 10:15 | Create | Villager (Male) |
| 10:23 | Create | Scout Cavalry |
| 10:29 | Build | Farm |
| 10:52 | Create | Villager (Male) |
| 11:03 | Create | Scout Cavalry |
| 11:15 | Create | Scout Cavalry |
| 11:18 | Create | Villager (Male) |
| 11:21 | Research | Loom |
| 11:23 | Build | House |
| 11:26 | Build | Farm |
| 11:27 | Build | Farm |
| 11:27 | Build | Farm |
| 11:45 | Create | Scout Cavalry |
| 11:46 | Create | Villager (Male) |
| 11:51 | Build | House |
| 11:53 | Build | House |
| 11:59 | Build | Farm |
| 12:00 | Build | Farm |
| 12:04 | Create | Villager (Male) |
| 12:07 | Build | Farm |
| 12:30 | Create | Villager (Male) |
| 12:37 | Create | Scout Cavalry |
| 13:03 | Create | Villager (Male) |
| 13:03 | Create | Scout Cavalry |
| 13:06 | Build | House |
| 13:08 | Build | Farm |
| 13:09 | Build | Farm |
| 13:21 | Create | Villager (Male) |
| 13:23 | Build | Farm |
| 13:31 | Create | Villager (Male) |
| 13:33 | Build | House |
| 13:38 | Create | Scout Cavalry |
| 13:58 | Create | Scout Cavalry |
| 13:59 | Create | Villager (Male) |
| 14:13 | Create | Villager (Male) |
| 14:16 | Build | Blacksmith |
| 14:24 | Create | Villager (Male) |
| 14:46 | Create | Scout Cavalry |
| 14:54 | Build | House |
| 15:01 | Create | Villager (Male) |
| 15:03 | Build | Mining Camp |
| 15:10 | Build | Palisade Wall |
| 15:18 | Build | Farm |
| 15:20 | Build | Farm |
| 15:51 | Create | Villager (Male) |
| 16:11 | Research | Wheelbarrow |
| 16:19 | Create | Villager (Male) |
| 16:22 | Build | Farm |
| 17:20 | Build | Stable |
| 17:31 | Research | Castle Age |
| 17:55 | Build | Mill |
| 18:01 | Build | Farm |
| 18:02 | Build | Farm |
| 18:29 | Research | Bloodlines |
| 18:30 | Research | Bloodlines |
| 18:34 | Build | House |
| 18:41 | Build | Farm |
| 18:45 | Build | Farm |
| 18:48 | Research | Scale Barding Armor |
| 19:04 | Create | Villager (Male) |
| 19:16 | Build | Stable |
| 19:26 | Build | Farm |
| 19:28 | Build | Farm |
| 19:32 | Build | Farm |
| 19:33 | Build | Farm |
| 19:57 | Age | Castle Age |
| 19:59 | Create | Knight |
| 19:59 | Create | Knight |
| 20:00 | Create | Knight |
| 20:07 | Create | Villager (Male) |
| 20:11 | Research | Gold Mining |
| 20:12 | Create | Knight |
| 20:32 | Build | Farm |
| 20:33 | Create | Villager (Male) |
| 20:35 | Create | Knight |
| 20:53 | Create | Villager (Male) |
| 20:55 | Create | Knight |
| 21:09 | Create | Villager (Male) |
| 21:09 | Create | Knight |
| 21:10 | Build | Farm |
| 21:33 | Create | Knight |
| 21:33 | Create | Knight |
| 21:44 | Create | Villager (Male) |
| 21:56 | Create | Villager (Male) |
| 22:00 | Research | Chain Barding Armor |
| 22:16 | Create | Villager (Male) |
| 22:17 | Build | Farm |
| 22:33 | Create | Knight |
| 22:33 | Create | Knight |
| 22:34 | Create | Villager (Male) |
| 22:48 | Research | Forging |
| 22:58 | Create | Villager (Male) |
| 23:06 | Create | Knight |
| 23:06 | Create | Knight |
| 23:09 | Build | Farm |
| 23:26 | Create | Villager (Male) |
| 23:41 | Create | Knight |
| 23:53 | Create | Villager (Male) |
| 24:01 | Create | Knight |
| 24:10 | Create | Villager (Male) |
| 24:18 | Build | Town Center |
| 24:22 | Create | Villager (Male) |
| 24:25 | Create | Knight |
| 24:25 | Create | Knight |
| 24:33 | Research | Husbandry |
| 24:38 | Build | House |
| 24:41 | Build | House |
| 24:49 | Create | Knight |
Match timeline
| 7:02 | EXILE | TurtleS3 · first_building Barracks |
| 7:36 | Dadagama · first_building Barracks |
| 7:41 | El Wicho · first_building Barracks |
| 7:49 | EXILE | milval · first_building Barracks |
| 8:26 | JoyZam · first_building Barracks |
| 8:37 | EXILE | TurtleS3 · age_up feudal |
| 8:40 | EXILE | TurtleS3 · first_building Stable |
| 9:02 | El Wicho · age_up feudal |
| 9:04 | El Wicho · first_building Archery Range |
| 9:20 | EXILE | milval · age_up feudal |
| 9:22 | Dadagama · age_up feudal |
| 9:22 | EXILE | milval · first_building Archery Range |
| 9:23 | Dadagama · first_building Stable |
| 9:29 | petarded · first_building Barracks |
| 9:55 | JoyZam · age_up feudal |
| 10:07 | JoyZam · first_building Archery Range |
| 10:09 | EXILE | Alebrije · age_up feudal |
| 10:23 | JoyZam · wall_segment Stone Wall x14 |
| 10:55 | RaZeeeeK · age_up feudal |
| 11:02 | EXILE | Alebrije · first_market_sell 100 stone |
| 11:05 | petarded · age_up feudal |
| 11:41 | petarded · first_building Archery Range |
| 12:09 | JoyZam · wall_segment Stone Wall x9 |
| 13:44 | EXILE | Alebrije · age_up castle |
| 14:07 | RaZeeeeK · first_building Barracks |
| 14:28 | RaZeeeeK · age_up castle |
| 14:30 | RaZeeeeK · first_building Monastery |
| 14:31 | EXILE | Alebrije · first_market_buy 100 stone |
| 14:38 | EXILE | Alebrije · first_building Castle |
| 15:10 | EXILE | TurtleS3 · wall_segment Palisade Wall x1 |
| 15:46 | petarded · age_up castle |
| 17:05 | JoyZam · wall_segment Stone Wall x5 |
| 18:35 | EXILE | milval · first_market_buy 100 food |
| 19:02 | EXILE | Alebrije · first_building Monastery |
| 19:18 | EXILE | milval · first_market_sell 100 wood |
| 19:49 | El Wicho · first_market_sell 100 stone |
| 19:52 | El Wicho · first_market_buy 100 food |
| 19:57 | EXILE | TurtleS3 · age_up castle |
| 20:51 | EXILE | Alebrije · first_building Barracks |
| 21:00 | petarded · first_building Stable |
| 21:13 | JoyZam · age_up castle |
| 21:41 | EXILE | Alebrije · first_building Stable |
| 22:54 | RaZeeeeK · first_building Siege Workshop |
| 23:04 | RaZeeeeK · first_building Castle |
| 23:05 | El Wicho · age_up castle |
| 23:08 | EXILE | milval · age_up castle |
| 23:10 | RaZeeeeK · wall_segment Stone Wall x24 |
| 23:18 | RaZeeeeK · first_market_sell 100 food |
| 23:19 | RaZeeeeK · first_market_buy 100 stone |
| 23:23 | RaZeeeeK · wall_segment Stone Wall x3 |
| 23:26 | RaZeeeeK · wall_segment Stone Wall x15 |
| 23:46 | Dadagama · age_up castle |
| 23:54 | JoyZam · first_market_sell 100 food |
| 24:37 | El Wicho · first_building Siege Workshop |
| 24:50 | JoyZam · first_market_buy 100 wood |
| 25:31 | El Wicho · wall_segment Palisade Wall x1 |
| 25:32 | El Wicho · wall_segment Palisade Wall x1 |
| 25:34 | El Wicho · wall_segment Palisade Wall x1 |
| 25:35 | El Wicho · wall_segment Palisade Wall x1 |
| 27:14 | JoyZam · first_building Castle |
| 28:30 | EXILE | milval · wall_segment Palisade Wall x1 |
| 29:34 | RaZeeeeK · first_building Archery Range |
| 29:49 | RaZeeeeK · first_building Stable |
| 30:38 | petarded · first_building Castle |
| 31:29 | RaZeeeeK · age_up imperial |
| 33:12 | JoyZam · wall_segment Stone Wall x25 |
| 33:40 | JoyZam · age_up imperial |
| 34:13 | petarded · first_building Monastery |
| 35:12 | EXILE | TurtleS3 · first_building Monastery |
| 35:59 | EXILE | TurtleS3 · wall_segment Palisade Wall x1 |
| 36:14 | El Wicho · first_building Castle |
| 36:17 | EXILE | TurtleS3 · first_market_sell 100 wood |
| 36:21 | EXILE | TurtleS3 · first_market_buy 100 food |
| 36:30 | EXILE | TurtleS3 · first_building Castle |
| 36:37 | EXILE | Alebrije · age_up imperial |
| 36:54 | petarded · age_up imperial |
| 42:15 | JoyZam · wall_segment Palisade Wall x1 |
| 42:23 | Dadagama · first_building Monastery |
| 42:51 | EXILE | Alebrije · first_building Siege Workshop |
| 43:21 | El Wicho · age_up imperial |
| 46:09 | JoyZam · wall_segment Stone Wall x2 |
| 46:14 | EXILE | Alebrije · tribute_sent a jugador 1 |
| 46:14 | EXILE | Alebrije · tribute_sent a jugador 2 |
| 46:14 | EXILE | Alebrije · tribute_sent a jugador 3 |
| 46:14 | EXILE | Alebrije · tribute_sent a jugador 5 |
| 46:14 | EXILE | Alebrije · tribute_sent a jugador 6 |
| 46:14 | EXILE | Alebrije · tribute_sent a jugador 7 |
| 46:14 | EXILE | Alebrije · tribute_sent a jugador 8 |
| 46:59 | Dadagama · first_market_sell 500 stone |
| 47:02 | Dadagama · age_up imperial |
| 47:55 | EXILE | TurtleS3 · age_up imperial |
| 49:39 | JoyZam · resign |
[ AI ANALYSIS · 1 CREDIT ]
What really happened in this match?
Wolo.gg analyzes every decision: build order, eco, micro, common mistakes by bracket. Personalized analysis on WhatsApp or Discord in 30 seconds.
Civ guide
Saracens
Perfil
Jugador #11526726